 Dungeon Crawl Stone Soup version 0.30.1-9-gdf580d7c3d (webtiles) character file.

Game seed: 18381142628989518674

16629 bearlyready the Fencer (level 12, 0/99 HPs)
             Began as a Formicid Fighter on Oct 18, 2023.
             Was an Initiate of Gozag.
             Shot with an arrow by a centaur warrior (12 damage)
             ... on level 13 of the Dungeon.
             The game lasted 00:23:05 (13739 turns).

bearlyready the Fencer (Formicid Fighter)          Turns: 13739, Time: 00:23:06

Health: 0/99       AC: 11    Str: 20    XL:     12   Next: 72%
Magic:  12/12      EV: 10    Int: 10    God:    Gozag
Gold:   2823       SH:  7    Dex: 23    Spells: 11/11 levels left

rFire   . . .        k - +2 triple sword (holy)
rCold   + . .        c - +0 buckler
rNeg    . . .        D - +1 leather armour {rC+}
rPois   .            (helmet unavailable)
rElec   .            u - +2 cloak {Stlth+}
rCorr   .            (no gloves)
SInv    +            (no boots)
Will    +....        b - amulet of magic regeneration
Stlth   +++          i - +4 ring of protection
HPRegen 0.36/turn    o - +6 ring of dexterity
MPRegen 0.53/turn

%: no passive effects
@: gold aura, studying Long Blades
A: permanent stasis, dig shafts and tunnels, antennae 3, four strong arms
a: Dig, Shaft Self, Renounce Religion, Potion Petition, Call Merchant, Bribe
Branch


You were on level 13 of the Dungeon.
You worshipped Gozag.
Gozag was most pleased with you.
You visited 1 branch of the dungeon, and saw 13 of its levels.

You collected 2879 gold pieces.
You paid 56 gold pieces to Gozag.

Inventory:

Hand Weapons
 k - a +2 triple sword of holy wrath (weapon)
Missiles
 p - 13 curare-tipped darts (quivered)
 v - 14 boomerangs
 w - 5 javelins
 A - 37 poisoned darts
 J - 2 boomerangs of dispersal
 S - 3 silver boomerangs
 X - 2 throwing nets
Armour
 c - a +0 buckler (worn)
 g - a +0 scale mail
 u - a +2 cloak of stealth (worn)
 D - a +1 leather armour of cold resistance (worn)
 E - a +2 robe of the Archmagi
 G - a +8 chain mail of ponderousness
Magical Staves
 r - the staff of poison "Nuybips" {rPois rC- rN+ Int+5 Dex+3}
   (You found it on level 2 of the Dungeon)

   [staff of poison]

   Base accuracy: +5 Base damage: 5 Base attack delay: 1.2 This weapon's minimum
   attack delay (0.6) is reached at skill level 12.
   Int:       It affects your intelligence (+5).
   Dex:       It affects your dexterity (+3).
   rC:        It makes you vulnerable to cold.
   rPois:     It protects you from poison.
   rN:        It protects you from negative energy.
   It falls into the 'Staves' category.
   It is a weapon for one hand-pair.
Jewellery
 b - an amulet of magic regeneration (around neck)
 i - a +4 ring of protection (left hand)
 o - a +6 ring of dexterity (right hand)
 Y - a ring of ice
 Z - a ring of willpower
Wands
 d - a wand of flame (40)
 z - a wand of paralysis (11)
 M - a wand of roots (17)
 Q - a wand of polymorph (7)
Scrolls
 a - a scroll of fog
 e - 4 scrolls of magic mapping
 h - 3 scrolls of vulnerability
 j - 9 scrolls of teleportation
 l - 3 scrolls of fear
 n - 2 scrolls of poison
 q - a scroll of silence
 t - 3 scrolls of summoning
 x - a scroll of enchant armour
 y - 2 scrolls of amnesia
 C - 3 scrolls of immolation
 F - a scroll of blinking
 I - a scroll of enchant weapon
 W - a scroll of torment
Potions
 f - 6 potions of heal wounds
 m - 4 potions of haste
 s - 3 potions of flight
 B - 2 potions of cancellation
 H - a potion of might
 K - 4 potions of ambrosia {unknown}
 L - 5 potions of mutation {unknown}
 N - 2 potions of resistance {unknown}
 O - 3 potions of berserk rage {unknown}
 P - a potion of magic {unknown}
 R - 2 potions of degeneration {unknown}
 T - 2 potions of lignification {unknown}
 U - 4 potions of curing
Miscellaneous
 V - a tin of tremorstones (inert)


   Skills:
 - Level 10.7 Fighting
 + Level 16.5 Long Blades
 - Level 3.2 Armour
 - Level 7.0 Shields
 - Level 6.2 Evocations


You had 11 spell levels left.
You didn't know any spells.
Your spell library contained the following spells:

 Spells                   Type           Power      Damage    Failure   Level
 Ensorcelled Hibernation  Hex/Ice        0%         N/A       63%         2
 Inner Flame              Hex/Fire       0%         N/A       85%         3
 Portal Projectile        Hex/Tloc       0%         N/A       85%         3
 Spider Form              Tmut/Pois      0%         N/A       85%         3
 Tukima's Dance           Hex            0%         N/A       85%         3
 Anguish                  Hex/Necr       0%         N/A       99%         4
 Animate Armour           Summ/Erth      0%         N/A       99%         4
 Manifold Assault         Tloc           0%         N/A       99%         4
 Passage of Golubria      Tloc           0%         N/A       99%         4
 Blade Hands              Tmut           0%         N/A       100%        5
 Silence                  Hex/Air        0%         N/A       100%        5
 Yara's Violent Unravell  Hex/Tmut       0%         3d3       100%        5
 Iron Shot                Conj/Erth      0%         9d1       100%        6
 Enfeeble                 Hex            0%         N/A       100%        7
 Storm Form               Tmut/Air       0%         N/A       100%        7
 Lehudib's Crystal Spear  Conj/Erth      0%         10d2      100%        8
 Blink                    Tloc           Unusable   N/A       N/A         2

Dungeon Overview and Level Annotations

Branches:
Dungeon (13/15)            Temple (0/1) D:7            Lair (0/5) D:10
    Orc (0/2) D:11
 Vaults: D:13-14

Altars:
Ashenzari
Cheibriados
Dithmenos
Elyvilon
Fedhas
Gozag
Hepliaklqana
Kikubaaqudgha
Makhleb
Nemelex Xobeh
Ru
Trog
Uskayaw
Yredelemnul

Shops:
D:3 :

Annotations:
D:3 1 runed translucent door, ShellytheWitch's ghost, amateur KoBr
D:10 4 transporters, exclusion: 2 oklob plants
D:11 2 runed translucent doors
D:12 3 runed translucent doors, Ostulo's ghost, journeyman HOMo; Roubeug's ghost, journeyman FeBe; Udonoc's ghost, journeyman HOBe


Innate Abilities, Weirdness & Mutations

You cannot be hasted, slowed, berserked, paralysed or teleported.
You can dig through walls and to a lower floor.
You have a pair of large antennae on your head. (SInv)
Your four strong arms can wield two-handed weapons with a shield.


Message History

The cyan ugly thing is heavily wounded.
The cyan ugly thing headbutts you. The cyan ugly thing shocks you!
You slash the cyan ugly thing!
The cyan ugly thing is severely wounded.
The cyan ugly thing headbutts you. The cyan ugly thing shocks you!
* * * LOW HITPOINT WARNING * * *
Aiming: Fastroot
Press: ? - help, Shift-Dir - straight line, f - cyan ugly thing
Aim: a cyan ugly thing (severely wounded)
The roots erupt in riotous growth!
Roots grab the cyan ugly thing.
The grasping roots constrict the cyan ugly thing!
You hear an angry hiss.
You hear a shout! x5; You hear an angry hiss.
You hear a horrible gurgling sound!
The cyan ugly thing headbutts you!
* * * LOW HITPOINT WARNING * * *
The cyan ugly thing shocks you!
* * * LOW HITPOINT WARNING * * *
The grasping roots constrict the cyan ugly thing!
The roots release their grip on the cyan ugly thing.
Aiming: Fastroot
Press: ? - help, Shift-Dir - straight line, f/p - cyan ugly thing
Aim: a cyan ugly thing (almost dead)
The roots erupt in riotous growth!
Roots grab the cyan ugly thing.
The grasping roots constrict the cyan ugly thing!
You kill the cyan ugly thing!
You hear a shout!
You pick up an Inescapable Atlas and begin reading...
You add the spells Manifold Assault and Storm Form to your library.
A brown ugly thing comes into view.
Something unseen opens the door.
A centaur warrior comes into view.
As you read the scroll of fear, it crumbles to dust.
You assume a fearsome visage.
The centaur warrior easily resists.
The brown ugly thing easily resists.
The centaur warrior wields a +0 shortbow.
The centaur warrior shoots an arrow.
The arrow hits you!
You die...
Your body crumbles into a pile of gold.

+## ....# . ....+ ..#
#....#
....########+#....#
................... +
......##.......# .#
.......<...@...# ..#
.##............###...#
#.......(..........#
.....................#
........u......##+##..
.##.......##...## #
##.....####...#..#
##..c## ##$....# ##'#
#.##..#


You could see a brown ugly thing and a centaur warrior.

Vanquished Creatures
  Harold (D:9)
  A jorogumo (shapeshifter) (D:8)
  A two-headed ogre (D:11)
  Sonja (D:11)
  Lodul (D:12)
  Pikel (D:8)
  2 ugly things
  2 cyclopes (D:12)
  A manticore (D:8)
  A gargoyle (D:10)
  Psyche (D:8)
  An efreet (D:8)
  A hornet (D:9)
  5 trolls
  Grinder (D:3)
  Sigmund (D:2)
  A slime creature (D:8)
  2 shadows
  3 wraiths
  10 yaks
  A wyvern (D:7)
  Grum (D:8)
  A steam dragon (D:8)
  8 vampire mosquitoes
  An acid dragon (D:10)
  Duvessa (D:4)
  2 water moccasins
  An ice beast (D:7)
  A black bear (shapeshifter) (D:11)
  A black bear (D:5)
  A sky beast (D:8)
  9 ogres
  An orc warrior (D:8)
  3 wolves (D:8)
  2 centaurs (D:9)
  A lemure (D:8)
  Blork the orc (D:4)
  A kobold brigand (D:9)
  6 bullfrogs
  4 scorpions
  9 wights
  Dowan (D:4)
  7 killer bees
  9 howler monkeys
  10 orc priests
  3 hounds
  Ijyb (D:3)
  6 sleepcaps
  4 iguanas
  Crazy Yiuf (D:2)
  Natasha (twice) (D:4)
  7 orc wizards
  A mummy (D:6)
  10 adders
  3 white imps
  3 ufetubi
  A worm (D:5)
  7 dart slugs
  50 orcs
  2 bats
  10 endoplasms
  4 giant cockroaches
  4 goblins
  4 hobgoblins
  5 jackals (D:3)
  5 quokkas
  4 ball pythons
  5 frilled lizards
  12 kobolds
  4 rats
279 creatures vanquished.

Notes
Turn   | Place    | Note
-------+----------+-------------------------------------------
     0 | D:1      | bearlyready the Formicid Fighter began the quest for the
                  | Orb.
     0 | D:1      | Reached XP level 1. HP: 18/18 MP: 1/1
   101 | D:1      | Reached XP level 2. HP: 22/24 MP: 2/2
   234 | D:1      | Reached skill level 3 in Long Blades
   483 | D:1      | Reached XP level 3. HP: 29/29 MP: 3/3
   522 | D:1      | Found a faded altar of an unknown god.
  1193 | D:2      | Identified the staff of poison "Nuybips" {rPois rC- rN+
                  | Int+5 Dex+3}
  1289 | D:2      | Noticed Sigmund
  1294 | D:2      | Killed Sigmund
  1295 | D:2      | Reached skill level 5 in Long Blades
  1295 | D:2      | Reached XP level 4. HP: 31/35 MP: 4/4
  1295 | D:2      | Reached XP level 5. HP: 36/41 MP: 5/5
  1295 | D:2      | Reached XP level 6. HP: 42/47 MP: 6/6
  1349 | D:2      | Identified the +3 sling of Sin {flame, Stlth+}
  1397 | D:2      | Reached skill level 6 in Long Blades
  1498 | D:2      | Found a runed translucent door.
  1499 | D:2      | Noticed Crazy Yiuf
  1507 | D:2      | Killed Crazy Yiuf
  1903 | D:3      | Noticed Grinder
  1936 | D:3      | Killed Grinder
  1937 | D:3      | Reached skill level 7 in Long Blades
  1937 | D:3      | Reached XP level 7. HP: 19/52 MP: 7/7
  2061 | D:3      | Found a runed translucent door.
  2100 | D:3      | Noticed Ijyb
  2112 | D:3      | Killed Ijyb
  2142 | D:3      | Noticed ShellytheWitch's ghost (amateur KoBr)
  2168 | D:3      | Found Qor Uner's Vocational Training.
  2479 | D:3      | Found an opulent altar of Gozag.
  2586 | D:3      | Became a worshipper of Gozag Ym Sagoz the Greedy
  2733 | D:4      | Noticed Dowan
  2735 | D:4      | Noticed Duvessa
  2739 | D:4      | Reached skill level 8 in Long Blades
  2764 | D:4      | Killed Duvessa
  2765 | D:4      | Reached skill level 1 in Evocations
  2765 | D:4      | Reached XP level 8. HP: 26/58 MP: 8/8
  2769 | D:4      | Killed Dowan
  3173 | D:4      | Noticed Blork the orc
  3180 | D:4      | Killed Blork the orc
  3385 | D:4      | Noticed Natasha
  3390 | D:4      | Killed Natasha
  3622 | D:4      | Noticed Natasha
  3631 | D:4      | Killed Natasha
  3632 | D:4      | Reached skill level 9 in Long Blades
  3666 | D:4      | Found an ancient bone altar of Kikubaaqudgha.
  3892 | D:5      | Entered Level 5 of the Dungeon
  3892 | D:5      | Found a hide-covered altar of Uskayaw.
  3892 | D:5      | Found a bloodstained altar of Trog.
  3892 | D:5      | Found a white marble altar of Elyvilon.
  4097 | D:5      | Found a burning altar of Makhleb.
  4503 | D:5      | Found a sacrificial altar of Ru.
  4792 | D:6      | Noticed a wraith
  4809 | D:5      | Reached XP level 9. HP: 64/64 MP: 9/9
  4834 | D:6      | Reached skill level 5 in Evocations
  4958 | D:5      | Reached skill level 5 in Shields
  5387 | D:6      | Found a sparkling altar of Nemelex Xobeh.
  5531 | D:6      | Identified the +4 whip of Dissatisfaction {flame, rN+ Will-
                  | Int+3}
  5546 | D:6      | Found a snail-covered altar of Cheibriados.
  5809 | D:7      | Found a staircase to the Ecumenical Temple.
  5867 | D:7      | Reached skill level 10 in Long Blades
  5880 | D:7      | Reached skill level 5 in Fighting
  6233 | D:7      | Reached XP level 10. HP: 40/74 MP: 10/10
  6682 | D:8      | Noticed a fire crab
  6682 | D:8      | Noticed an efreet
  6684 | D:8      | Noticed a manticore
  6723 | D:7      | Identified a scroll of acquirement
  6725 | D:7      | Acquired a +2 triple sword of holy wrath
  6814 | D:8      | Noticed Psyche
  6832 | D:8      | Killed Psyche
  6967 | D:8      | Noticed a jorogumo
  6983 | D:8      | Killed a jorogumo
  6984 | D:8      | Reached skill level 11 in Long Blades
  7370 | D:8      | Killed a manticore
  7442 | D:8      | Found a basalt altar of Yredelemnul.
  7483 | D:8      | Noticed Pikel
  7501 | D:8      | Killed Pikel
  7502 | D:8      | Reached XP level 11. HP: 77/87 MP: 11/11
  7565 | D:8      | Reached skill level 12 in Long Blades
  7980 | D:8      | Noticed Grum
  8006 | D:8      | Killed Grum
  8723 | D:9      | Found a broken altar of Ashenzari.
  8787 | D:9      | Found a hazy altar of Hepliaklqana.
  8846 | D:9      | Noticed Harold
  8850 | D:9      | Killed Harold
  8851 | D:9      | Reached skill level 10 in Fighting
  8912 | D:9      | Found a shadowy altar of Dithmenos.
  9514 | D:10     | Entered Level 10 of the Dungeon
  9584 | D:10     | Found a transporter.
  9626 | D:10     | Reached skill level 13 in Long Blades
  9664 | D:10     | Found a blossoming altar of Fedhas.
  9689 | D:10     | Found a transporter.
  9697 | D:10     | Found a transporter.
  9735 | D:10     | Found a staircase to the Lair.
  9735 | D:10     | Noticed an oklob plant
 10385 | D:10     | Noticed an oklob plant
 10502 | D:10     | Found a transporter.
 10826 | D:11     | Noticed a two-headed ogre
 10834 | D:11     | Killed a two-headed ogre
 10996 | D:11     | Found a staircase to the Orcish Mines.
 11134 | D:11     | Found a runed translucent door.
 11135 | D:11     | Noticed an ice dragon
 11236 | D:11     | Noticed an ice dragon
 11236 | D:11     | Noticed a fire dragon
 11236 | D:11     | Found the +2 shield of Resistance {rF++ rC++ Will++}
 11240 | D:11     | Noticed a fire dragon
 11344 | D:11     | Reached XP level 12. HP: 53/99 MP: 12/12
 11346 | D:11     | Reached skill level 14 in Long Blades
 11667 | D:11     | Noticed Sonja
 11677 | D:11     | Killed Sonja
 11939 | D:11     | Found a runed translucent door.
 12393 | D:12     | Found a runed translucent gate.
 12393 | D:12     | Found a runed translucent gate.
 12393 | D:12     | Found a runed translucent gate.
 12394 | D:12     | Noticed Roubeug's ghost (journeyman FeBe)
 12394 | D:12     | Noticed Ostulo's ghost (journeyman HOMo)
 12395 | D:12     | Noticed Udonoc's ghost (journeyman HOBe)
 12726 | D:12     | Reached skill level 15 in Long Blades
 12761 | D:12     | Found the +8 trident of the Octopus King {venom, rElec
                  | rPois}
 12978 | D:12     | Noticed Lodul
 12985 | D:12     | Killed Lodul
 13022 | D:12     | Acquired a manual of Long Blades
 13138 | D:12     | Reached skill level 16 in Long Blades
 13738 | D:13     | Noticed a centaur warrior
 13739 | D:13     | Shot with an arrow by a centaur warrior

Illustrated notes

Levels and vault maps discovered:
D:1:      minmay_arrival_hallway, layout_basic,
          shapermc_ecumenical_altar_mp_ritualfount
D:2:      layout_loops_ring, serial_bayou_ford_a, patterned_corridor,
          uniq_sigmund, uniq_crazy_yiuf_cottage
D:3:      layout_rooms, mainiacjoe_overflow_alcove_1, ebering_ghost_sewer_d,
          nicolae_shop_vocational, uniq_ijyb, uniq_grinder
D:4:      layout_basic, nicolae_kikubaaqudgha_miasma_corner, serial_curves,
          eino_curves_03, eino_curves_01, eino_curves_03, eino_curves_03,
          serial_bayou_pond_b, uniq_duvessa, uniq_blork_the_orc, uniq_natasha
D:5:      layout_basic, nicolae_ru_awakened_eye, bloody_makhleb,
          grunt_temple_overflow_open
D:6:      layout_cave_pools, nemelex_diamond_rough_becter, slow_altar_2
D:7:      layout_rooms, minmay_temple_entry_crystal_x, hellmonk_no_cap
D:8:      minmay_the_grid_four_pointed_star
          [minmay_the_grid_triangle_9x9_windchime,
          minmay_the_grid_triangle_9x9_odd_lines,
          minmay_the_grid_triangle_9x9_swiss_cheese,
          minmay_the_grid_triangle_9x9_flanged_cone,
          minmay_the_grid_prize_big_room], layout_layer_cave,
          mainiacjoe_overflow_alcove_2, uniq_grum, uniq_pikel, uniq_psyche
D:9:      layout_basic, old_standard_altar, mainiacjoe_overflow_boulevard,
          ashenzari_altar_1, uniq_harold
D:10:     layout_basic, tgw_fedhas, dpeg_oklobed_lair,
          nicolae_transporter_intersection
D:11:     layout_basic, hiddenorc2_lemuel, minmay_guarded_unrand_resistance,
          uniq_sonja
D:12:     layout_gridville, gammafunk_ghost_cemetery, uniq_lodul
D:13:     layout_stronghold, lightli_vaults_fourway_checkpoint, uniq_azrael

Skill      XL: |  1  2  3  4  5  6  7  8  9 10 11 12 |
---------------+-------------------------------------+-----
Long Blades    | 3 5 7 8 9 10 11 13 16 | 16.5
Evocations     | 1 4 6 |  6.2
Fighting       | 5 8 10 | 10.7
Shields        | 6 7 |  7.0
Armour         | |  3.2

Action                     |  1- 3 |  4- 6 |  7- 9 | 10-12 || total
---------------------------+-------+-------+-------+-------++-------
  Melee: Long sword        |   115 |    56 |   389 |    19 ||   579
         Triple sword      |       |       |       |   397 ||   397
         Unarmed           |       |       |       |     5 ||     5
  Throw: Dart              |       |       |     3 |    10 ||    13
Ability: Dig               |       |       |       |     1 ||     1
  Evoke: Wand              |       |       |     1 |    11 ||    12
         Tin of tremorston |       |       |       |     2 ||     2
    Use: Potion            |       |     1 |     2 |     1 ||     4
         Scroll            |       |     1 |       |    19 ||    20
   Stab: Sleeping          |       |       |     4 |     8 ||    12
         Distracted        |       |       |     3 |     5 ||     8
         Paralysed         |       |       |       |    11 ||    11
 Armour: Scale mail        |    51 |    27 |    23 |       ||   101
         Leather armour    |       |       |   123 |   146 ||   269
  Dodge: Dodged            |    46 |    35 |   151 |   190 ||   422
  Block: Buckler           |    28 |    30 |   104 |   130 ||   292
